 Dungeon Crawl Stone Soup version 0.22.0 (webtiles) character file.

2 DingoDongler the Geomancer (level 1, -2/13 HPs)
             Began as a Gnoll Wanderer on Aug 16, 2018.
             Slain by a hobgoblin
             ... wielding a +0 club
              (6 damage)
             ... on level 1 of the Dungeon.
             The game lasted 00:00:44 (248 turns).

DingoDongler the Geomancer (Gnoll Wanderer)          Turns: 248, Time: 00:00:45

Health: -2/13      AC:  2    Str: 12    XL:     1   Next: 40%
Magic:  1/1        EV: 11    Int: 14    God:
Gold:   13         SH:  5    Dex: 16    Spells: 0/0 levels left

rFire    . . .     SeeInvis .   e - +0 dagger
rCold    . . .     Gourm    .   c - +0 buckler
rNeg     . . .     Faith    .   d - +0 robe
rPois    .         Spirit   .   (no helmet)
rElec    .         Reflect  .   (no cloak)
rCorr    .         Harm     .   (no gloves)
MR       .....                  (no boots)
Stlth    ++........             g - amulet of magic regeneration
HPRegen  0.04/turn              (no ring)
MPRegen  0.32/turn              (no ring)

@: no status effects
A: distributed training, fangs 1, strong nose
a: no special abilities


You were on level 1 of the Dungeon.
You were not hungry.

You visited 1 branch of the dungeon, and saw 1 of its levels.

You collected 13 gold pieces.

Inventory:

Hand Weapons
 e - a +0 dagger (weapon)
Missiles
 a - 4 stones (quivered)
Armour
 c - a +0 buckler (worn)
 d - a +0 robe (worn)
Jewellery
 g - an amulet of magic regeneration (around neck)
Comestibles
 b - a chunk of flesh
 f - a ration


   Skills:
 + Level 0.0 Fighting
 + Level 0.0 Short Blades
 + Level 0.0 Long Blades
 + Level 0.0 Axes
 + Level 0.0 Maces & Flails
 + Level 0.0 Polearms
 + Level 0.0 Staves
 + Level 0.0 Slings
 + Level 0.0 Bows
 + Level 0.0 Crossbows
 + Level 0.0 Throwing
 + Level 0.0 Armour
 + Level 0.0 Dodging
 + Level 2.1 Stealth
 + Level 2.3 Shields
 + Level 0.0 Unarmed Combat
 + Level 0.0 Spellcasting
 + Level 0.0 Conjurations
 + Level 0.0 Hexes
 + Level 1.9 Charms
 + Level 1.9 Summonings
 + Level 0.0 Necromancy
 + Level 0.0 Translocations
 + Level 0.0 Transmutations
 + Level 0.0 Fire Magic
 + Level 0.0 Ice Magic
 + Level 0.0 Air Magic
 + Level 10.2 Earth Magic
 + Level 0.0 Poison Magic
 + Level 0.1 Invocations
 + Level 0.0 Evocations


You couldn't memorise any spells.
You didn't know any spells.
Your spell library contained the following spells:

 Spells                   Type           Power        Failure   Level  Hunger
 Stone Arrow              Conj/Erth      ##....       13%         3    ####...
 Spider Form              Tmut/Pois      #.........   71%         3    ####...
 Passwall                 Tmut/Erth      ##......     6%          2    ###....
 Lee's Rapid Deconstruct  Erth           ####......   14%         5    ######.
 Sandblast                Erth           ####..       1%          1    ##.....
 Petrify                  Tmut/Erth      ##......     38%         4    #####..
 Beastly Appendage        Tmut           #.....       34%         1    ##.....


Dungeon Overview and Level Annotations

Branches:
Dungeon (1/15)

Altars:


Innate Abilities, Weirdness & Mutations

Your experience applies equally to all skills.
You have very sharp teeth.
Your uncanny sense of smell can sniff out nearby items.


Message History

You closely miss the kobold. The kobold misses you.
You barely miss the hobgoblin. Your bite misses the hobgoblin.
The kobold barely misses you. The hobgoblin hits you with a club.
You barely miss the hobgoblin. The kobold barely misses you.
You block the hobgoblin's attack.
You closely miss the hobgoblin. The kobold barely misses you.
You closely miss the hobgoblin. The hobgoblin closely misses you.
The kobold hits you with a short sword.
You hit the hobgoblin but do no damage. The hobgoblin hits you with a club.
The kobold hits you with a short sword.
* * * LOW HITPOINT WARNING * * *
You are too injured to fight recklessly!
You are too injured to fight recklessly!
You are too injured to fight recklessly!
You are too injured to fight recklessly!
You are too injured to fight recklessly!
You hit the kobold. Your bite misses the kobold.
The kobold is heavily wounded.
The hobgoblin hits you with a club.
You die...

.######.....##
........##.##
.#########.#
#(# ##(##
##.(.##
##.....##
##..>.g..##..
#....@K..!...
+.........+..
#.........# .
##.......##
##.....##
##...## ##+##


You could see a hobgoblin and a kobold.

Vanquished Creatures
  A bat (D:1)
  A frilled lizard (D:1)
  A kobold (D:1)
3 creatures vanquished.

Notes
Turn   | Place    | Note
-------+----------+-------------------------------------------
     0 | D:1      | Reached skill level 10 in Earth Magic
     0 | D:1      | DingoDongler the Gnoll Wanderer began the quest for the Orb.
     0 | D:1      | DingoDongler set off with: a +0 buckler, a +0 robe, a +0 dagger, a ration
     0 | D:1      | Reached XP level 1. HP: 13/13 MP: 1/1
   248 | D:1      | Slain by a hobgoblin

Skill      XL: | |
---------------+-+-----
Earth Magic    | | 10.2
Stealth        | |  2.1
Shields        | |  2.3
Charms         | |  1.9
Summonings     | |  1.9
Invocations    | |  0.1

Action                   || total
-------------------------++-------
Melee: Dagger            ||    15
       Bite              ||     1
Armor: Robe              ||     3
Dodge: Dodged            ||    14
Block: Buckler           ||     7
